 Dungeon Crawl Stone Soup version 0.24-a0-368-g0e0cebd (webtiles) character file.

Game seed: 11696072015186154452

64 VashdaNerada the Grave Robber (level 3, -1/24 HPs)
             Began as a Demonspawn Necromancer on May 29, 2019.
             Slain by a worm (7 damage)
             ... on level 2 of the Dungeon.
             The game lasted 00:05:11 (2660 turns).

VashdaNerada the Grave Robber (DsNe)                Turns: 2660, Time: 00:05:12

Health: -1/24      AC:  2    Str:  8    XL:     3   Next: 91%
Magic:  1/6        EV: 12    Int: 17    God:
Gold:   116        SH:  0    Dex: 13    Spells: 1/6 levels left

rFire    . . .     SeeInvis .   k - +0 dagger
rCold    . . .     Gourm    .   (no shield)
rNeg     . . .     Faith    .   a - +0 robe
rPois    .         Spirit   .   (no helmet)
rElec    .         Reflect  .   (no cloak)
rCorr    .         Harm     .   (no gloves)
MR       .....                  (no boots)
Stlth    ++........             (no amulet)
HPRegen  0.08/turn              (no ring)
MPRegen  0.10/turn              (no ring)

@: no status effects
A: rot immunity
a: no special abilities


You were on level 2 of the Dungeon.
You were not hungry.

You visited 1 branch of the dungeon, and saw 2 of its levels.

You collected 116 gold pieces.

Inventory:

Hand Weapons
 c - a +0 short sword
 k - a +0 dagger (weapon)
Missiles
 h - 56 stones (quivered)
Armour
 a - a +0 robe (worn)
Wands
 n - a wand of polymorph (7)
Scrolls
 d - a scroll of teleportation {unknown}
 g - a scroll of remove curse {unknown}
 l - a scroll of enchant armour {unknown}
Potions
 b - 2 potions of heal wounds {unknown}
 e - a potion of lignification {unknown}
 f - a potion of agility {unknown}
 i - 3 potions of curing {unknown}
 j - a potion of ambrosia {unknown}
Comestibles
 m - a chunk of flesh


   Skills:
 - Level 1.7 Dodging
 - Level 1.7 Stealth
 - Level 2.0 Spellcasting
 + Level 6.1 Necromancy


You had one spell level left.
You knew the following spells:

 Your Spells              Type           Power        Failure   Level  Hunger
a - Pain                  Necr           ###.         1%          1    #......
b - Animate Skeleton      Necr           N/A          1%          1    #......
c - Vampiric Draining     Necr           ###.......   4%          3    ###....

Your spell library contained the following spells:

 Spells                   Type           Power        Failure   Level  Hunger
 Animate Dead             Necr           N/A          16%         4    #####..
 Regeneration             Chrm/Necr      ##........   17%         3    ###....


Dungeon Overview and Level Annotations

Branches:
Dungeon (2/15)

Altars:
Kikubaaqudgha
Okawaru


Innate Abilities, Weirdness & Mutations

You are immune to rotting.


Message History

Casting: Pain (safe; 1% risk of failure)
Confirm with . or Enter, or press ? or * to list all spells.
Aiming: Pain (safe; 1% risk of failure)
Press: ? - help, Shift-Dir - straight line, f - worm
Aim: a worm (chance to defeat MR: 87%)
The worm writhes in agony.
Casting: Pain (safe; 1% risk of failure)
Confirm with . or Enter, or press ? or * to list all spells.
Aiming: Pain (safe; 1% risk of failure)
Press: ? - help, Shift-Dir - straight line, f/p - worm
Aim: a worm (moderately wounded, chance to defeat MR: 87%)
The worm writhes in agony.
The worm bites you!
* * * LOW HITPOINT WARNING * * *
Casting: Pain (safe; 1% risk of failure)
Confirm with . or Enter, or press ? or * to list all spells.
Aiming: Pain (safe; 1% risk of failure)
Press: ? - help, Shift-Dir - straight line, f/p - worm
Aim: a worm (heavily wounded, chance to defeat MR: 87%)
The worm writhes in agony!
The worm bites you!
You die...

.......................#
#....).................#
#......................#
†......................#
##...............†..K..#
........###............#
........+.......>...####
.#.#....########w#..#
.#.#....# #@#..#
........# #.##.#
.#......# #.# .. #...
#.# ..#
#..############.# ..#
+#...............#
...<####.........# ....#
#......._.# ÷...#
#.........#


You could see a worm.

Vanquished Creatures
  2 adders (D:2)
  2 worms (D:2)
  3 dart slugs
  2 giant cockroaches (D:1)
  6 goblins
  3 hobgoblins
  4 kobolds
  A quokka (D:2)
  4 bats
  5 frilled lizards
  3 rats
35 creatures vanquished.

Notes
Turn   | Place    | Note
-------+----------+-------------------------------------------
     0 | D:1      | VashdaNerada the Demonspawn Necromancer began the quest for
                  | the Orb.
     0 | D:1      | Reached XP level 1. HP: 13/13 MP: 3/3
    17 | D:1      | Learned a level 1 spell: Animate Skeleton
   593 | D:1      | Gained mutation: You are immune to rotting. [demonic
                  | ancestry]
   593 | D:1      | Reached XP level 2. HP: 15/19 MP: 0/5
   803 | D:1      | Reached skill level 5 in Necromancy
  1728 | D:2      | Reached XP level 3. HP: 19/24 MP: 3/6
  1958 | D:2      | Found an iron altar of Okawaru.
  1996 | D:2      | Learned a level 3 spell: Vampiric Draining
  2603 | D:2      | Found an ancient bone altar of Kikubaaqudgha.
  2646 | D:2      | Reached skill level 6 in Necromancy
  2660 | D:2      | Slain by a worm

Levels and vault maps discovered:
D:1:      mrwooster_arrival_statue_3, layout_loops_corners
D:2:      layout_basic, overflow_temple_1_default, minmay_misc_feat_square,
          minmay_curled_crystal, okawaru_ov_weapons_minmay

Skill      XL: |  1  2  3 |
---------------+----------+-----
Necromancy     | 5 6 |  6.1
Dodging        | |  1.7
Stealth        | |  1.7
Spellcasting   | |  2.0

Action                   || total
-------------------------++-------
Melee: Unarmed           ||     4
       Dagger            ||    11
 Cast: Pain              ||    74
       Animate Skeleton  ||     1
       Vampiric Draining ||     4
  Eat: Chunk             ||     3
       Ration            ||     1
Armor: Robe              ||    12
Dodge: Dodged            ||    24

Table legend:
 A = Non-vault XP
 B = Vault XP
 C = Vault XP percentage of total XP
 D = Non-vault monster count
 E = Vault monster count
 F = Vault count percentage of total count
                 A         B        C        D         E       F
            +---------+---------+-------+---------+---------+-------
      Total |      92 |       0 |   0.0 |      35 |       0 |   0.0
            +---------+---------+-------+---------+---------+-------
        D:1 |      22 |       0 |   0.0 |      13 |       0 |   0.0
        D:2 |      70 |       0 |   0.0 |      22 |       0 |   0.0
            +---------+---------+-------+---------+---------+-------
